 Dungeon Crawl Stone Soup version 0.30-a0-743-gbfdf073431 (webtiles) character file.

Game seed: 16028633751514505678

279 Leeroy the Slasher (level 6, -4/30 HPs)
             Began as a Vine Stalker Warper on Feb 5, 2023.
             Killed from afar by a hellion (13 damage)
             ... with damnation
             ... on level 1 of the Abyss.
             The game lasted 00:02:37 (2516 turns).

Leeroy the Slasher (Vine Stalker Warper)            Turns: 2516, Time: 00:02:37

Health: -4/30      AC:  8    Str: 14    XL:     6   Next: 26%
Magic:  0/10       EV: 11    Int: 13    God:
Gold:   129        SH:  0    Dex: 15    Spells: 4/9 levels left

rFire   . . .      SeeInvis .    a - +0 falchion
rCold   . . .      Faith    .    (no shield)
rNeg    . . .      Spirit   +    t - +0 acid dragon scales
rPois   .          Reflect  .    l - +2 hat
rElec   .          Harm     .    (no cloak)
rCorr   +          Rampage  .    (no gloves)
Will    .....                    (no boots)
Stlth   +                        r - amulet of regeneration
HPRegen 1.85/turn                v - ring of wizardry
MPRegen 0.12/turn                (no ring)

@: no status effects
A: fangs 2, regeneration 1, magic shield, antimagic bite, no potion heal 2
a: no special abilities


You were on level 1 of the Abyss.
You visited 1 branch of the dungeon, and saw 4 of its levels.
You visited the Abyss 1 time.

You collected 129 gold pieces.

Inventory:

Hand Weapons
 a - a +0 falchion (weapon)
 c - a +0 whip of electrocution
 x - the +2 flail "Zecut" {antimagic, rC+ Int-5 Dex+8}
   (You found it on level 3 of the Dungeon)

   Int:       It affects your intelligence (-5).
   Dex:       It affects your dexterity (+8).
   rC:        It protects you from cold.
Missiles
 d - 6 boomerangs of dispersal (quivered)
Armour
 b - a +0 leather armour
 l - a +2 hat (worn)
 q - a +0 helmet
 t - +0 acid dragon scales (worn)
Jewellery
 r - an amulet of regeneration (around neck)
 v - a ring of wizardry (left hand)
Scrolls
 e - 3 scrolls of enchant weapon {unknown}
 f - 2 scrolls of identify {unknown}
 h - 2 scrolls of vulnerability {unknown}
 i - 3 scrolls of teleportation {unknown}
 o - a scroll of silence {unknown}
 u - 2 scrolls of enchant armour {unknown}
 y - a scroll of amnesia {unknown}
Potions
 g - 3 potions of magic {unknown}
 j - 3 potions of degeneration {unknown}
 k - a potion of lignification {unknown}
 m - a potion of curing {unknown}
 n - 2 potions of attraction {unknown}
 p - a potion of haste {unknown}
 s - 2 potions of berserk rage {unknown}
 w - 2 potions of flight {unknown}


   Skills:
 - Level 1.7 Fighting
 + Level 5.7 Long Blades
 - Level 0.8 Throwing
 - Level 0.7 Armour
 - Level 1.5 Dodging
 - Level 2.1 Spellcasting
 - Level 3.0 Translocations
 - Level 0.6 Air Magic


You had 4 spell levels left.
You knew the following spells:

 Your Spells              Type           Power      Damage    Failure   Level
a - Blink                 Tloc           18%        N/A       6%          2
b - Vhi's Electric Charg  Tloc/Air       12%        N/A       21%         3

Your spell library contained the following spells:

 Spells                   Type           Power      Damage    Failure   Level
 Lesser Beckoning         Tloc           18%        N/A       6%          2
 Teleport Other           Tloc           9%         N/A       12%         3
 Manifold Assault         Tloc           9%         N/A       38%         4


Dungeon Overview and Level Annotations

Branches:
Dungeon (4/15)
 Temple: D:4-7

Altars:
Cheibriados
Nemelex Xobeh

Annotations:
D:3 1 runed translucent door, Selgatrox's ghost, weakling DrFE


Innate Abilities, Weirdness & Mutations

You have extremely sharp teeth.
Your natural rate of healing is unusually fast.
When hurt, damage is shared between your health and your magic reserves.
Your bite disrupts and absorbs the magic of your enemies.
Potions cannot restore your health.


Message History

No target in view!
No target in view!
No target in view!
No target in view!
There is an open door here.
There is an open door here.
u - 2 scrolls labelled XOPA ISIRR (gained 1)
There is an open door here.
You see here a +0 pair of gloves.
There is an open gate here.
There is an open gate here.
Selgatrox's ghost turns its malevolent gaze towards you.
Selgatrox's ghost says very slowly, "There's no hope."
Could not explore, unopened runed door.
No reachable target in view!
No reachable target in view!
No reachable target in view!
Selgatrox's ghost keens inconsolably.
There is a stone staircase leading down here.
You climb downwards.
There is a stone staircase leading up here.
The orc shouts!
An orc is nearby!
Found a bound wooden ring.
The orc misses you.
You hit the orc. You bite the orc, but do no damage.
The orc is lightly wounded.
The orc hits you but does no damage.
You are cast into the Abyss!
This branch contains the abyssal rune of Zot.
Found a gateway leading deeper into the Abyss.
A starcursed mass appears in a shower of sparks.
A hellion comes into view.
The hellion gestures at you.
The sphere of damnation explodes!
The damnation engulfs you!!
Ouch! That really hurt!
* * * LOW HITPOINT WARNING * * *
The hellion gestures at you.
The sphere of damnation explodes!
The damnation engulfs you!
You die...

.. ......##.. #
#.# ........ #. .
####.##..## ..# .
.####..
.#.........#.>#
.2#.
#.....##..#.....
#.. #.... ......#
.
#.##...#.#....##..
. #. #..##...###.#
.. #..##.@.#.#...#
# ## .. #...####
##....# #...
##.ยงยง###
##.....### .
####X#..#. ..# . .
###..# . ...## ..
....##....# ##
..... ..# . . #..
. .# # #. ...# #
... .


You could see a hellion.

Vanquished Creatures
  Grinder (D:3)
  Jessica (D:2)
  2 adders
  3 dart slugs
  An orc (D:3)
  5 endoplasms
  A giant cockroach (D:1)
  3 goblins (D:1)
  4 hobgoblins
  3 quokkas (D:3)
  2 ball pythons (D:3)
  3 bats
  2 frilled lizards (D:3)
  5 kobolds
  6 rats
42 creatures vanquished.

Notes
Turn   | Place    | Note
-------+----------+-------------------------------------------
     0 | D:1      | Leeroy the Vine Stalker Warper began the quest for the Orb.
     0 | D:1      | Reached XP level 1. HP: 11/11 MP: 4/4
    65 | D:1      | Reached skill level 2 in Long Blades
   233 | D:1      | Reached XP level 2. HP: 9/15 MP: 3/6
   672 | D:1      | Reached skill level 3 in Long Blades
  1139 | D:2      | Reached XP level 3. HP: 18/18 MP: 7/7
  1228 | D:2      | Noticed Jessica
  1233 | D:2      | Killed Jessica
  1340 | D:2      | Gained mutation: Your natural rate of healing is unusually
                  | fast. [Vine Stalker growth]
  1340 | D:2      | Reached XP level 4. HP: 22/23 MP: 8/8
  1500 | D:2      | You fall into a shaft and drop 2 floors!
  1581 | D:3      | Learned a level 2 spell: Blink
  1585 | D:3      | Learned a level 3 spell: Vhi's Electric Charge
  1592 | D:3      | Reached skill level 4 in Long Blades
  1605 | D:3      | Found a runed translucent door.
  1619 | D:3      | Noticed Selgatrox's ghost (weakling DrFE)
  1715 | D:3      | Found a snail-covered altar of Cheibriados.
  1796 | D:3      | Identified the +2 flail "Zecut" {antimagic, rC+ Int-5
                  | Dex+8}
  1802 | D:3      | Noticed Grinder
  1813 | D:3      | HP: 1/23 [Grinder (3)]
  2071 | D:3      | Found a sparkling altar of Nemelex Xobeh.
  2230 | D:3      | Paralysed by Grinder for 5 turns
  2273 | D:3      | Killed Grinder
  2274 | D:3      | Reached skill level 5 in Long Blades
  2274 | D:3      | Reached XP level 5. HP: 26/26 MP: 9/9
  2274 | D:3      | Reached XP level 6. HP: 30/30 MP: 10/10
  2479 | Abyss:1  | Cast into level 1 of the Abyss (orc)
  2516 | Abyss:1  | Noticed a starcursed mass
  2516 | Abyss:1  | Noticed a hellion
  2516 | Abyss:1  | Killed from afar by a hellion

Illustrated notes

Levels and vault maps discovered:
D:1:      dpeg_arrival_connections, layout_basic, minmay_misc_feat_room,
          minmay_pentomino_s2
D:2:      layout_loops_ring, shapermc_ecumenical_altar_hornbeckon,
          nrook_mini_vaults, uniq_jessica
D:3:      layout_basic, nemelex_altar_shiori, kennysheep_slug_shrine,
          ebering_ghost_reflecting_pool, uniq_grinder
D:4:      layout_basic, uniq_sigmund
Abyss:1:  base:
D:2

Skill      XL: |  1  2  3  4 |
---------------+-------------+-----
Long Blades    | 2 3 5 |  5.7
Fighting       | |  1.7
Throwing       | |  0.8
Armour         | |  0.7
Dodging        | |  1.5
Spellcasting   | |  2.1
Translocations | |  3.0
Air Magic      | |  0.6

Action                     |  1- 3 |  4- 6 || total
---------------------------+-------+-------++-------
  Melee: Falchion          |    44 |    61 ||   105
         Bite              |    10 |    12 ||    22
         Punch             |       |     1 ||     1
  Throw: Boomerang         |       |     1 ||     1
   Cast: Vhi's Electric Ch |       |     3 ||     3
    Use: Scroll            |       |     1 ||     1
   Stab: Sleeping          |     1 |       ||     1
 Armour: Leather armour    |    10 |     2 ||    12
         Acid dragon scale |       |    14 ||    14
  Dodge: Dodged            |    18 |    25 ||    43

Table legend: (Time is in decaauts)
 A = Elapsed time spent in this place.
 B = Non-inter-level travel time spent in this place.
 C = Inter-level travel time spent in this place.
 D = Time resting spent in this place.
 E = Time spent auto-exploring this place.
 F = Levels seen in this place.
 G = Mean time per level.
                   A        B        C        D        E       F      G
               +--------+--------+--------+--------+--------+-----+--------+
         Total |   2530 |   2415 |    115 |     68 |   1975 |   5 |  506.0 |
       Dungeon |   2493 |   2378 |    115 |     68 |   1940 |   4 |  623.2 |
         Abyss |     36 |     36 |      0 |      0 |     35 |   1 |   36.0 |
               +--------+--------+--------+--------+--------+-----+--------+

Top non-repeatable levels by time:
     D:1: 990 daAuts
     D:3: 825 daAuts
     D:2: 615 daAuts
     D:4: 62 daAuts
 Abyss:1: 36 daAuts
